XFBL
PHILADELPHIA PHILLIES @ HOUSTON ASTROS
03/03/1982
 
TOP OF THE 1ST
Philadelphia Phillies batting - Pitching for Houston Astros : LHP George H Stone
Pitching: LHP George H Stone
Batting: RHB Andy Ramirez 0-0: Swinging Strike
0-1: Foul Ball, location: 2F
0-2: Foul Ball, location: 2F
0-2: Ball
1-2: SINGLE (Line Drive, 89M, EV 106.9 MPH)
Batting: RHB Paul Molitor 0-0: Ball
1-0: Ball
2-0: Called Strike
2-1: Ball
3-1: Foul Ball, location: 2F
3-2: Foul Ball, location: 2F
3-2: Fly out, F7 (Line Drive, 7, EV 98.8 MPH)
Batting: LHB Tony Gwynn 0-0: Ball
1-0: Ball
2-0: Swinging Strike
2-1: Reached on error, E8 (Line Drive, 8LD, EV 93.8 MPH)
Andy Ramirez to third
Batting: RHB Candy Maldonado 0-0: Called Strike
0-1: Ball
1-1: Ball
2-1: Fly out, F7 (Flyball, 78D, EV 101.3 MPH)
Runner from 3rd tags up, SCORES, throw by LF
Batting: RHB Andre Dawson 0-0: Fly out, F8 (Flyball, 78M, EV 84.4 MPH)
Top of the 1st over - 1 run, 1 hit, 1 error, 1 left on base; Philadelphia 1 - Houston 0
BOTTOM OF THE 1ST
Houston Astros batting - Pitching for Philadelphia Phillies : RHP Jim Beattie
Pitching: RHP Jim Beattie
Batting: RHB Mickey Hatcher 0-0: Ball
1-0: Ball
2-0: Ball
3-0: Base on Balls
Batting: RHB John Castino 0-0: Ball
Mickey Hatcher steals 2nd base
1-0: Called Strike
1-1: Fly out, F7 (Line Drive, 7, EV 91.3 MPH)
Batting: RHB Julio Franco 0-0: Ball
1-0: Fly out, F8 (Flyball, 8LS, EV 88.1 MPH)
Batting: LHB Steve Kemp 0-0: Swinging Strike
0-1: Swinging Strike
0-2: Ball
1-2: Ground out 6-3 (Groundball, 56, EV 110.6 MPH)
Bottom of the 1st over - 0 runs, 0 hits, 0 errors, 1 left on base; Philadelphia 1 - Houston 0
TOP OF THE 2ND
Philadelphia Phillies batting - Pitching for Houston Astros : LHP George H Stone
Batting: RHB Dan Thomas 0-0: Ball
1-0: Ball
2-0: Foul Ball, location: 2F
2-1: Ball
3-1: Called Strike
3-2: Base on Balls
Batting: LHB Lou Whitaker 0-0: Called Strike
0-1: Hit by Pitch
Dan Thomas to second
Batting: RHB Tony Pena 0-0: Ball
1-0: Fly out, F9 (Line Drive, 9D, EV 106.9 MPH)
Runner from 2nd tags up, SAFE at 3rd, no throw by RF
Batting: RHB Jim Beattie 0-0: Called Strike
Lou Whitaker steals 2nd base
0-1: Called Strike
0-2: Ball
1-2: Ball
2-2: Fly out, F7 (Line Drive, 7, EV 95.0 MPH)
Runner from 3rd tags up, SCORES, throw by LF
Batting: RHB Andy Ramirez 0-0: Ball
1-0: Foul Ball, location: 2F
1-1: Hit by Pitch
Batting: RHB Paul Molitor 0-0: Ball
1-0: Called Strike
1-1: Fielders Choice at 2nd, 6-4 (Groundball, 6, EV 100.6 MPH)
Top of the 2nd over - 1 run, 0 hits, 0 errors, 2 left on base; Philadelphia 2 - Houston 0
BOTTOM OF THE 2ND
Houston Astros batting - Pitching for Philadelphia Phillies : RHP Jim Beattie
Batting: RHB Zail Smith 0-0: Foul Ball, location: 2F
0-1: Foul Ball, location: 2F
0-2: Ball
1-2: Foul Ball, location: 2F
1-2: Ball
2-2: Foul Ball, location: 2F
2-2: Foul Ball, location: 2F
2-2: Ball
3-2: Base on Balls
Batting: SHB Christopher Clark 0-0: Ball
Zail Smith steals 2nd base
1-0: Sac Bunt to 25 - play at first, batter OUT! 5-3
Zail Smith to third
Batting: LHB Jerry Narron 0-0: Ball
1-0: Foul Ball, location: 2F
1-1: Ball
2-1: Ball
3-1: Base on Balls
Batting: SHB Tom Herr 0-0: Called Strike
0-1: Ball
1-1: Ball
2-1: Called Strike
2-2: Foul Ball, location: 2F
2-2: Foul Ball, location: 2F
2-2: Foul Ball, location: 2F
2-2: SINGLE (Groundball, 56D, EV 108.1 MPH)
Zail Smith scores
Jerry Narron to second
Batting: LHB George H Stone 0-0: Ball
1-0: Bunted foul
1-1: Ball
2-1: Bunted foul
2-2: Sac Bunt to 15 - play at first, batter OUT! 1-4
Jerry Narron to third
Tom Herr to second
Batting: RHB Mickey Hatcher 0-0: Ball
1-0: Ball
2-0: SINGLE (Line Drive, 56D, EV 104.4 MPH)
Jerry Narron scores
Tom Herr to third
Runner from 3rd tries for Home, SAFE, throw by LF to home
Batting: RHB John Castino 0-0: Called Strike
Mickey Hatcher steals 2nd base
0-1: Ball
1-1: Foul Ball, location: 2F
1-2: Ball
2-2: Ball
3-2: Ground out 5-3 (Groundball, 15, EV 81.3 MPH)
Bottom of the 2nd over - 3 runs, 2 hits, 0 errors, 1 left on base; Philadelphia 2 - Houston 3
TOP OF THE 3RD
Philadelphia Phillies batting - Pitching for Houston Astros : LHP George H Stone
Batting: LHB Tony Gwynn 0-0: Ball
1-0: Foul Ball, location: 2F
1-1: Foul Ball, location: 2F
1-2: Fly out, F9 (Flyball, 9LS, EV 96.9 MPH)
Batting: RHB Candy Maldonado 0-0: Called Strike
0-1: Fly out, F9 (Flyball, 9LS, EV 94.4 MPH)
Batting: RHB Andre Dawson 0-0: SINGLE (Groundball, 4D, EV 110.6 MPH)
Batting: RHB Dan Thomas 0-0: Called Strike
0-1: Fielders Choice at 2nd, 6-4 (Groundball, 6, EV 83.1 MPH)
Top of the 3rd over - 0 runs, 1 hit, 0 errors, 1 left on base; Philadelphia 2 - Houston 3
BOTTOM OF THE 3RD
Houston Astros batting - Pitching for Philadelphia Phillies : RHP Jim Beattie
Batting: RHB Julio Franco 0-0: Ball
1-0: Ball
2-0: Called Strike
2-1: Called Strike
2-2: Foul Ball, location: 2F
2-2: Strikes out looking
Batting: LHB Steve Kemp 0-0: Ground out U3 (Groundball, 3, EV 85.6 MPH)
Batting: RHB Zail Smith 0-0: Ball
1-0: Ground out 4-3 (Groundball, 4, EV 103.1 MPH)
Bottom of the 3rd over - 0 runs, 0 hits, 0 errors, 0 left on base; Philadelphia 2 - Houston 3
TOP OF THE 4TH
Philadelphia Phillies batting - Pitching for Houston Astros : LHP George H Stone
Batting: LHB Lou Whitaker 0-0: DOUBLE (Line Drive, 5D, EV 98.8 MPH)
Batting: RHB Tony Pena 0-0: TRIPLE (Line Drive, 9LD, EV 103.1 MPH)
Lou Whitaker scores
Pinch Runner at 3rd Randy Bush:
Batting: RHB Jim Beattie 0-0: Called Strike
0-1: Called Strike
0-2: Ball
1-2: Strikes out swinging
Batting: RHB Andy Ramirez 0-0: Called Strike
0-1: Foul Ball, location: 2F
0-2: Ball
1-2: Fly out, F9 (Flyball, 89XD, EV 84.4 MPH)
Runner from 3rd tags up, SCORES, no throw by RF
Batting: RHB Paul Molitor 0-0: Ball
1-0: Called Strike
1-1: Fly out, F9 (Flyball, 9LD, EV 95.0 MPH)
Top of the 4th over - 2 runs, 2 hits, 0 errors, 0 left on base; Philadelphia 4 - Houston 3
BOTTOM OF THE 4TH
Houston Astros batting - Pitching for Philadelphia Phillies : RHP Jim Beattie
Now at C: Clay Hill
Batting: SHB Christopher Clark 0-0: Ball
1-0: Ball
2-0: Ball
3-0: Base on Balls
Batting: LHB Jerry Narron 0-0: Called Strike
0-1: Swinging Strike
0-2: Ball
1-2: Foul Ball, location: 2F
1-2: Ball
2-2: Ball
3-2: Foul Ball, location: 2F
3-2: Strikes out looking
Batting: SHB Tom Herr 0-0: Called Strike
0-1: Ball
1-1: Ball
2-1: Called Strike
Christopher Clark is caught stealing 2nd base 2-6
2-2: Ball
3-2: Fly out, F9 (Flyball, 89M, EV 82.5 MPH)
Bottom of the 4th over - 0 runs, 0 hits, 0 errors, 0 left on base; Philadelphia 4 - Houston 3
TOP OF THE 5TH
Philadelphia Phillies batting - Pitching for Houston Astros : LHP George H Stone
Pitching: RHP Kennedy Corzel
Batting: LHB Tony Gwynn 0-0: Ball
1-0: Ground out 4-3 (Groundball, 4, EV 82.5 MPH)
Batting: RHB Candy Maldonado 0-0: Swinging Strike
0-1: Foul Ball, location: 2F
0-2: Ball
1-2: Ball
2-2: Strikes out swinging
Batting: RHB Andre Dawson 0-0: Foul Ball, location: 2F
0-1: Foul Ball, location: 2F
0-2: Foul Ball, location: 2F
0-2: Ground out 6-3 (Groundball, 6S, EV 86.9 MPH)
Top of the 5th over - 0 runs, 0 hits, 0 errors, 0 left on base; Philadelphia 4 - Houston 3
BOTTOM OF THE 5TH
Houston Astros batting - Pitching for Philadelphia Phillies : RHP Jim Beattie
Batting: RHB Kennedy Corzel 0-0: Foul Ball, location: 2F
0-1: Ground out 5-3 (Groundball, 15, EV 83.8 MPH)
Pitching: RHP Jim Kern
Batting: RHB Mickey Hatcher 0-0: Ball
1-0: Foul Ball, location: 2F
1-1: Fly out, F8 (Flyball, 8RXD, EV 77.5 MPH)
Batting: RHB John Castino 0-0: Called Strike
0-1: Ball
1-1: Fly out, F8 (Line Drive, 8RM, EV 98.8 MPH)
Bottom of the 5th over - 0 runs, 0 hits, 0 errors, 0 left on base; Philadelphia 4 - Houston 3
TOP OF THE 6TH
Philadelphia Phillies batting - Pitching for Houston Astros : RHP Kennedy Corzel
Batting: RHB Dan Thomas 0-0: Ball
1-0: Called Strike
1-1: Ball
2-1: Ball
3-1: Foul Ball, location: 2F
3-2: Foul Ball, location: 2F
3-2: Foul Ball, location: 2F
3-2: Base on Balls
Batting: LHB Lou Whitaker 0-0: Ball
1-0: Ball
2-0: Ball
3-0: Base on Balls
Dan Thomas to second
Batting: LHB Clay Hill 0-0: Called Strike
0-1: Ball
1-1: Grounds into double play, 4-6-3 (Groundball, 4, EV 89.4 MPH)
Dan Thomas to third
Pinch Hitting: LHB Andy Guerrero 0-0: Called Strike
0-1: Ball
1-1: Swinging Strike
1-2: Ground out 3-1 (Groundball, 34S, EV 86.3 MPH)
Top of the 6th over - 0 runs, 0 hits, 0 errors, 1 left on base; Philadelphia 4 - Houston 3
BOTTOM OF THE 6TH
Houston Astros batting - Pitching for Philadelphia Phillies : RHP Jim Kern
Pitching: LHP Lawrence Burgess
Batting: RHB Julio Franco 0-0: Ground out 4-3 (Groundball, 4M, EV 90.0 MPH)
Batting: LHB Steve Kemp 0-0: Ball
1-0: Fly out, F8 (Flyball, 8RD, EV 101.3 MPH)
Batting: RHB Zail Smith 0-0: Foul Ball, location: 2F
0-1: Swinging Strike
0-2: SINGLE (Groundball, 56D, EV 106.3 MPH)
Batting: SHB Christopher Clark 0-0: Called Strike
0-1: Foul Ball, location: 2F
0-2: Ball
1-2: Fly out, F9 (Flyball, 9, EV 88.1 MPH)
Bottom of the 6th over - 0 runs, 1 hit, 0 errors, 1 left on base; Philadelphia 4 - Houston 3
TOP OF THE 7TH
Philadelphia Phillies batting - Pitching for Houston Astros : RHP Kennedy Corzel
Pinch Hitting: LHB Terry Lee 0-0: Foul Ball, location: 2F
0-1: Foul Ball, location: 2F
0-2: Ball
1-2: Strikes out swinging
Pinch Hitting: RHB Ivan de Jesus 0-0: Foul Ball, location: 2F
0-1: Ball
1-1: Ball
2-1: Foul Ball, location: 2F
2-2: Ball
3-2: Base on Balls
Pinch Hitting: LHB James Peters 0-0: Ball
1-0: Called Strike
1-1: Ball
2-1: Foul Ball, location: 2F
2-2: Strikes out swinging
Pinch Hitting: RHB Tim Wallach 0-0: Ball
1-0: Swinging Strike
1-1: SINGLE (Groundball, 6MD, EV 98.8 MPH)
Ivan de Jesus to second
Runner from 2nd tries for 3rd, SAFE, throw by CF made to third
Pinch Hitting: LHB Ty Gainey 0-0: Foul Ball, location: 2F
0-1: Foul Ball, location: 2F
0-2: Foul Ball, location: 2F
0-2: Ball
1-2: Ground out 4-3 (Groundball, 4, EV 79.4 MPH)
Top of the 7th over - 0 runs, 1 hit, 0 errors, 2 left on base; Philadelphia 4 - Houston 3
BOTTOM OF THE 7TH
Houston Astros batting - Pitching for Philadelphia Phillies : LHP Lawrence Burgess
Now at 2B: Ivan de Jesus
Now at SS: Terry Lee
Now in LF: Ty Gainey
Now in CF: Rick Lancellotti
Now in RF: Jesus Vega
Batting: LHB Jerry Narron 0-0: Called Strike
0-1: DOUBLE (Line Drive, 78D, EV 109.4 MPH)
Batting: SHB Tom Herr 0-0: Foul Ball, location: 2F
0-1: Sac Bunt to 15 - play at first, batter OUT! 1-3
Jerry Narron to third
Pinch Hitting: LHB George Vukovich 0-0: Called Strike
0-1: Ball
1-1: SINGLE (Groundball, 6MD, EV 94.4 MPH)
Jerry Narron scores
Pinch Hitting: RHB Tim Tolman 0-0: Ball
1-0: Ball
2-0: Called Strike
2-1: Called Strike
2-2: Strikes out swinging
Pinch Hitting: RHB Ricky Adams 0-0: Called Strike
0-1: Ball
1-1: Called Strike
George Vukovich is caught stealing 2nd base 2-4
Bottom of the 7th over - 1 run, 2 hits, 0 errors, 0 left on base; Philadelphia 4 - Houston 4
TOP OF THE 8TH
Philadelphia Phillies batting - Pitching for Houston Astros : RHP Kennedy Corzel
Pitching: RHP Victor Sanchez
Now at 1B: Tim Tolman
Now at 3B: Ricky Adams
Pinch Hitting: LHB Ken Phelps 0-0: Ball
1-0: Ball
2-0: Ball
3-0: Called Strike
3-1: Base on Balls
Pitching: RHP Luis Aponte
Pinch Runner at 1st Terry Bogener:
Pinch Hitting: LHB Adrian McCarthy 0-0: Called Strike
0-1: Ball
1-1: Ball
2-1: Ball
3-1: Fielders Choice at 2nd, 4-6 (Groundball, 4M, EV 98.8 MPH)
Batting: LHB Clay Hill 0-0: Ball
1-0: Ball
2-0: Called Strike
2-1: SINGLE (Line Drive, 7S, EV 109.4 MPH)
Adrian McCarthy to second
Pinch Hitting: RHB Jody Davis 0-0: Called Strike
0-1: Foul Ball, location: 2F
0-2: Foul Ball, location: 2F
0-2: Ball
1-2: Ball
2-2: Strikes out looking
Batting: LHB Terry Lee 0-0: Fly out, F7 (Flyball, 7LM, EV 105.6 MPH)
Top of the 8th over - 0 runs, 1 hit, 0 errors, 2 left on base; Philadelphia 4 - Houston 4
BOTTOM OF THE 8TH
Houston Astros batting - Pitching for Philadelphia Phillies : LHP Lawrence Burgess
Pitching: RHP Tom Hume
Now at C: Jody Davis
Now at 3B: Adrian McCarthy
Batting: RHB Ricky Adams 0-0: Called Strike
0-1: Ball
1-1: Ground out 1-3 (Groundball, 13, EV 70.0 MPH)
Pinch Hitting: RHB Danny Jasso 0-0: Ball
1-0: Ball
2-0: Called Strike
2-1: Swinging Strike
2-2: Ball
3-2: Foul Ball, location: 2F
3-2: Strikes out swinging
Batting: LHB Steve Kemp 0-0: Ball
1-0: Foul Ball, location: 2F
1-1: Ball
2-1: Foul Ball, location: 2F
2-2: Ball
3-2: Ground out U3 (Groundball, 34, EV 109.4 MPH)
Bottom of the 8th over - 0 runs, 0 hits, 0 errors, 0 left on base; Philadelphia 4 - Houston 4
TOP OF THE 9TH
Philadelphia Phillies batting - Pitching for Houston Astros : RHP Luis Aponte
Now at SS: Danny Jasso
Pinch Hitting: LHB Cecil Cooper 0-0: Ball
1-0: Ball
2-0: Foul Ball, location: 2F
2-1: Foul Ball, location: 2F
2-2: Ground out U3 (Groundball, 3L, EV 78.8 MPH)
Batting: LHB Rick Lancellotti 0-0: Ball
1-0: Called Strike
1-1: Ball
2-1: Ball
3-1: Foul Ball, location: 2F
3-2: Strikes out looking
Batting: RHB Jesus Vega 0-0: Called Strike
0-1: Called Strike
0-2: Strikes out looking
Top of the 9th over - 0 runs, 0 hits, 0 errors, 0 left on base; Philadelphia 4 - Houston 4
BOTTOM OF THE 9TH
Houston Astros batting - Pitching for Philadelphia Phillies : RHP Tom Hume
Now at 2B: Derrell Baker
Batting: RHB Zail Smith 0-0: Called Strike
0-1: Fly out, F8 (Flyball, 8LD, EV 94.4 MPH)
Pinch Hitting: RHB Ron Tingley 0-0: Called Strike
0-1: Called Strike
0-2: Ball
1-2: DOUBLE (Line Drive, 89M, EV 103.1 MPH)
Pinch Hitting: RHB Dave Valle 0-0: Fly out, F8 (Flyball, 89M, EV 84.4 MPH)
Pinch Hitting: SHB Bill D Doran 0-0: Ball
1-0: Ball
2-0: Swinging Strike
2-1: Foul Ball, location: 2F
2-2: Ball
3-2: Ground out 6-3 (Groundball, 6M, EV 102.5 MPH)
Bottom of the 9th over - 0 runs, 1 hit, 0 errors, 1 left on base; Philadelphia 4 - Houston 4
TOP OF THE 10TH
Philadelphia Phillies batting - Pitching for Houston Astros : RHP Luis Aponte
Now at C: Dave Valle
Now at 2B: Bill D Doran
Now in CF: Ron Tingley
Batting: LHB Ty Gainey 0-0: Called Strike
0-1: Ball
1-1: Ground out U3 (Groundball, 34S, EV 83.8 MPH)
Batting: RHB Tom Hume 0-0: Called Strike
0-1: Ball
1-1: Ball
2-1: Foul Ball, location: 2F
2-2: Strikes out swinging
Batting: LHB Adrian McCarthy 0-0: Ball
1-0: Ball
2-0: Ball
3-0: Called Strike
3-1: Foul Ball, location: 2F
3-2: Strikes out looking
Top of the 10th over - 0 runs, 0 hits, 0 errors, 0 left on base; Philadelphia 4 - Houston 4
BOTTOM OF THE 10TH
Houston Astros batting - Pitching for Philadelphia Phillies : RHP Tom Hume
Pinch Hitting: LHB Tom O'Malley 0-0: Foul Ball, location: 2F
0-1: Ball
1-1: Ball
2-1: Ball
3-1: Foul Ball, location: 2F
3-2: Fly out, F6 (Popup, 6MD, EV 73.1 MPH)
Batting: RHB Tim Tolman 0-0: Swinging Strike
0-1: Fly out, F8 (Line Drive, 8LD, EV 111.3 MPH)
Batting: RHB Ricky Adams 0-0: Called Strike
0-1: Ball
1-1: Foul Ball, location: 2F
1-2: Fly out, F8 (Flyball, 78S, EV 85.6 MPH)
Bottom of the 10th over - 0 runs, 0 hits, 0 errors, 0 left on base; Philadelphia 4 - Houston 4
TOP OF THE 11TH
Philadelphia Phillies batting - Pitching for Houston Astros : RHP Luis Aponte
Pitching: RHP Kyle Hutchinson
Batting: LHB Clay Hill 0-0: Ground out 2-3 (Groundball, 2L, EV 73.1 MPH)
Batting: RHB Jody Davis 0-0: Ball
1-0: Ball
2-0: Called Strike
2-1: Foul Ball, location: 2F
2-2: Ball
3-2: Base on Balls
Batting: LHB Terry Lee 0-0: Ball
1-0: Ball
2-0: Ball
3-0: Called Strike
3-1: Foul Ball, location: 2F
3-2: Ground out 2-3 (Groundball, 2L, EV 74.4 MPH)
Jody Davis to second
Batting: RHB Derrell Baker 0-0: Called Strike
0-1: Foul Ball, location: 2F
0-2: Foul Ball, location: 2F
0-2: Fly out, F8 (Flyball, 8RD, EV 103.8 MPH)
Top of the 11th over - 0 runs, 0 hits, 0 errors, 1 left on base; Philadelphia 4 - Houston 4
BOTTOM OF THE 11TH
Houston Astros batting - Pitching for Philadelphia Phillies : RHP Tom Hume
Pinch Hitting: RHB Nick Esasky 0-0: Swinging Strike
0-1: Foul Ball, location: 2F
0-2: Fly out, F9 (Flyball, 9, EV 88.8 MPH)
Batting: LHB Steve Kemp 0-0: Ground out 4-3 (Groundball, 4, EV 93.1 MPH)
Batting: RHB Zail Smith 0-0: Ball
1-0: Fly out, F6 (Popup, 56, EV 63.8 MPH)
Bottom of the 11th over - 0 runs, 0 hits, 0 errors, 0 left on base; Philadelphia 4 - Houston 4
TOP OF THE 12TH
Philadelphia Phillies batting - Pitching for Houston Astros : RHP Kyle Hutchinson
Now at 3B: Nick Esasky
Batting: LHB Rick Lancellotti 0-0: Called Strike
0-1: TRIPLE (Flyball, 78XD, EV 95.6 MPH)
Batting: RHB Jesus Vega 0-0: Ball
1-0: Ball
2-0: Swinging Strike
2-1: SINGLE (Groundball, 6D, EV 98.1 MPH)
Rick Lancellotti scores
Batting: LHB Ty Gainey 0-0: Foul Ball, location: 2F
0-1: SINGLE (Flyball, 5D, EV 95.0 MPH)
Jesus Vega to second
Batting: RHB Tom Hume 0-0: Ball
1-0: Sac Bunt to 2R - play at first, batter OUT! 2-4
Jesus Vega to third
Ty Gainey to second
Pitching: RHP Reggie Cleveland
Batting: LHB Adrian McCarthy 0-0: Ball
1-0: Fly out, F7 (Flyball, 7LM, EV 80.0 MPH)
Batting: LHB Clay Hill 0-0: Ball
1-0: Foul Ball, location: 2F
1-1: Ball
2-1: Called Strike
2-2: Strikes out swinging
Top of the 12th over - 1 run, 3 hits, 0 errors, 2 left on base; Philadelphia 5 - Houston 4
BOTTOM OF THE 12TH
Houston Astros batting - Pitching for Philadelphia Phillies : RHP Tom Hume
Batting: RHB Ron Tingley 0-0: Ball
1-0: Called Strike
1-1: Foul Ball, location: 2F
1-2: Ball
2-2: SINGLE (Line Drive, 9LM, EV 93.1 MPH)
Batting: RHB Dave Valle 0-0: Foul Ball, location: 2F
0-1: Bunted foul
0-2: Ball
1-2: SINGLE (Line Drive, 3D, EV 95.0 MPH)
Ron Tingley to second
Runner from 2nd tries for 3rd, SAFE, throw by RF made to third
Pitching: RHP Tony Villa
Batting: SHB Bill D Doran 0-0: Ball
1-0: Fly out, F9 (Flyball, 89M, EV 95.0 MPH)
Runner from 3rd tags up, SCORES, throw by RF
Pinch Hitting: RHB Gregory Pastors 0-0: Ball
1-0: Called Strike
1-1: Ball
2-1: Ground out 4-3 (Groundball, 34, EV 103.1 MPH)
Dave Valle to second
Batting: RHB Tim Tolman 0-0: Ball
1-0: Foul Ball, location: 2F
1-1: Foul Ball, location: 2F
1-2: Ball
2-2: Strikes out looking
Bottom of the 12th over - 1 run, 2 hits, 0 errors, 1 left on base; Philadelphia 5 - Houston 5
TOP OF THE 13TH
Philadelphia Phillies batting - Pitching for Houston Astros : RHP Reggie Cleveland
Pitching: RHP Ernie Camacho
Batting: RHB Jody Davis 0-0: Ball
1-0: Ball
2-0: SINGLE (Line Drive, 5D, EV 97.5 MPH)
Batting: LHB Terry Lee 0-0: Grounds into double play, 4-6-3 (Groundball, 4D, EV 81.9 MPH)
Batting: RHB Derrell Baker 0-0: Reached on error, E9 (Flyball, 9, EV 93.8 MPH)
Batting: LHB Rick Lancellotti 0-0: SINGLE (Flyball, 5D, EV 98.8 MPH)
Derrell Baker to third
Runner from 3rd tries for Home, SAFE, throw by LF to home
Batting: RHB Jesus Vega 0-0: Called Strike
0-1: Called Strike
0-2: Ground out 5-3 (Groundball, 56S, EV 87.5 MPH)
Top of the 13th over - 1 run, 2 hits, 1 error, 1 left on base; Philadelphia 6 - Houston 5
BOTTOM OF THE 13TH
Houston Astros batting - Pitching for Philadelphia Phillies : RHP Tony Villa
Batting: RHB Ricky Adams 0-0: Called Strike
0-1: Ball
1-1: Ball
2-1: Foul Ball, location: 2F
2-2: Foul Ball, location: 2F
2-2: Strikes out swinging
Batting: RHB Nick Esasky 0-0: Ball
1-0: Ball
2-0: Ball
3-0: Called Strike
3-1: Foul Ball, location: 2F
3-2: Foul Ball, location: 2F
3-2: Fly out, F8 (Flyball, 8LS, EV 97.5 MPH)
Batting: LHB Steve Kemp 0-0: Ball
1-0: Fly out, F7 (Flyball, 78S, EV 91.9 MPH)
Bottom of the 13th over - 0 runs, 0 hits, 0 errors, 0 left on base; Philadelphia 6 - Houston 5
Monday, July 13th, 2020 - OOTP Baseball 21.4 Build 63